 Dungeon Crawl Stone Soup version 0.20.0-15-g7f486f2 (webtiles) character file.

40 NoAnimeNoLife the Shooter (level 3, -2/29 HPs)
             Began as a Centaur Hunter on June 17, 2017.
             Slain by an adder (4 damage)
             ... on level 2 of the Dungeon.
             The game lasted 00:01:20 (1111 turns).

NoAnimeNoLife the Shooter (Centaur Hunter)          Turns: 1111, Time: 00:01:20

Health: -2/29      AC:  7    Str: 14    XL:     3   Next: 30%
Magic:  3/3        EV:  7    Int: 10    God:
Gold:   151        SH:  0    Dex: 10    Spells: 2/2 levels left

rFire    . . .     SeeInvis .   a - +1 shortbow
rCold    . . .     Gourm    .   (shield currently unavailable)
rNeg     . . .     Faith    .   t - +0 scale mail
rPois    .         Spirit   .   r - +0 helmet
rElec    .         Reflect  .   (no cloak)
rCorr    .         Harm     .   (no gloves)
MR       .....                  (no barding)
Stlth    ..........             (no amulet)
Regen    0.1/turn               (no ring)
MPRegen  0.1/turn               (no ring)

@: lethally poisoned (-2 -> -3), very quick
A: hooves 3, deformed body, speed 2, tough skin 3
a: no special abilities


You were on level 2 of the Dungeon.
You were not hungry.

You visited 1 branch of the dungeon, and saw 2 of its levels.

You collected 151 gold pieces.

Inventory:

Hand Weapons
 a - a +1 shortbow (weapon)
 b - a +0 short sword
Missiles
 d - 5 arrows (quivered)
Armour
 c - a +0 leather armour
 r - a +0 helmet (worn)
 t - a +0 scale mail (worn)
Scrolls
 g - 2 scrolls of teleportation {unknown}
 h - a scroll of identify {unknown}
 n - a scroll of remove curse {unknown}
 p - a scroll of enchant armour {unknown}
 q - a scroll of fear {unknown}
 v - a scroll of recharging {unknown}
Potions
 e - a potion of brilliance {unknown}
 i - 2 potions of magic {unknown}
 j - 3 potions of resistance {unknown}
 k - a potion of invisibility {unknown}
 o - 3 potions of haste {unknown}
 s - 2 potions of curing {unknown}
 w - a potion of degeneration {unknown}
Comestibles
 f - 2 bread rations
 l - 4 fruits
 m - a meat ration
 u - a royal jelly


   Skills:
 - Level 2.2 Fighting
 + Level 6.7 Bows
 - Level 1.3 Dodging
 - Level 0.4 Stealth


You had 2 spell levels left.
You didn't know any spells.

Dungeon Overview and Level Annotations

Branches:
Dungeon (2/15)

Altars:
Hepliaklqana

Annotations:
D:2 1 runed door


Innate Abilities, Weirdness & Mutations

You have hooves in place of feet.
Armour fits poorly on your strangely shaped body.
You cover ground very quickly.
You have extremely tough skin. (AC +3)


Message History

The adder is severely wounded.
You feel sick.
The adder bites you but does no damage. x2
You clumsily bash the adder but do no damage.
The adder is severely wounded.
The adder completely misses you.
You clumsily bash the adder but do no damage.
You kick the adder.
The adder is almost dead.
The adder bites you but does no damage. The adder bites you.
* * * LOW HITPOINT WARNING * * *
You clumsily bash the adder but do no damage.
Your kick misses the adder.
The adder is almost dead.
* * * LOW HITPOINT WARNING * * *
You feel sick. The adder bites you but does no damage.
The adder barely misses you.
You clumsily bash the adder but do no damage.
The adder is almost dead.
The adder bites you.
You die...

#....>..................
#........#.........#####
#........#.####.####
##########...##.# ##
###..#.# #.. ##.#.# #(..
#...## #....#########..#
#(...S@.....##..#
##.########..#..######
##.........#
###.....#.## #.###.#...
#..##..##. ##.###.#..
#.# #...# #.# #..##


You could see an adder.

Vanquished Creatures
  An adder (D:2)
  3 giant cockroaches
  4 goblins
  A hobgoblin (D:1)
  4 jackals (D:1)
  4 kobolds
  A ball python (D:1)
  6 bats
  5 rats
29 creatures vanquished.

Notes
Turn   | Place    | Note
-------+----------+-------------------------------------------
     0 | D:1      | NoAnimeNoLife the Centaur Hunter began the quest for the Orb.
     0 | D:1      | Reached XP level 1. HP: 17/17 MP: 1/1
   149 | D:1      | Reached XP level 2. HP: 15/24 MP: 2/2
   226 | D:1      | Reached skill level 6 in Bows
   811 | D:2      | Reached XP level 3. HP: 29/29 MP: 3/3
   813 | D:2      | Found a hazy altar of Hepliaklqana.
  1011 | D:2      | Found a runed door.
  1111 | D:2      | Slain by an adder

Skill      XL: |  1  2 |
---------------+-------+-----
Bows           | 6 |  6.7
Fighting       | |  2.2
Dodging        | |  1.3
Stealth        | |  0.4

Action                   || total
-------------------------++-------
Melee: Shortbow          ||    35
       Kick              ||    10
 Fire: Shortbow          ||    69
Armor: Leather armour    ||    14
       Scale mail        ||    35
Dodge: Dodged            ||    32
